 Dungeon Crawl Stone Soup version 0.31-a0-574-g69dc8cc98e (webtiles) character file.

Game seed: 3342207827800831662

149 Newt the Shooter (level 5, 0/35 HPs)
             Began as a Kobold Hunter on Aug 18, 2023.
             Slain by a goblin
             ... wielding a +0 dagger
             ... led by Robin
              (2 damage)
             ... on level 3 of the Dungeon.
             The game lasted 00:02:26 (2425 turns).

Newt the Shooter (Kobold Hunter)                    Turns: 2425, Time: 00:02:26

Health: 0/35       AC:  8    Str:  9    XL:     5   Next: 57%
Magic:  5/5        EV: 14    Int: 10    God:
Gold:   115        SH:  0    Dex: 20    Spells: 4/4 levels left

rFire   . . .        a - +0 shortbow
rCold   . . .        (shield currently unavailable)
rNeg    . . .        c - +0 leather armour
rPois   .            (no helmet)
rElec   .            (no cloak)
rCorr   +            j - +0 pair of gloves
SInv    .            (no boots)
Will    .....        (no amulet)
Stlth   +++          i - ring of Propriety {rCorr AC+4 Slay+2}
HPRegen 0.25/turn    (no ring)
MPRegen 0.09/turn

%: no passive effects
@: no status effects
A: small, no large weapons, nightstalker 3
a: no special abilities


You were on level 3 of the Dungeon.
You visited 1 branch of the dungeon, and saw 3 of its levels.

You collected 175 gold pieces.
You spent 60 gold pieces at shops.

Inventory:

Hand Weapons
 a - a +0 shortbow (weapon)
Armour
 c - a +0 leather armour (worn)
 h - a +2 buckler of fire resistance
 j - a +0 pair of gloves (worn)
Jewellery
 d - a ring of fire
 i - the ring of Propriety (left hand) {rCorr AC+4 Slay+2}
   (You acquired it on level 2 of the Dungeon)

   [ring of protection]

   AC+4:      It affects your AC (+4).
   Slay+2:    It affects your accuracy & damage with ranged weapons and melee
   (+2).
   rCorr:     It protects you from acid and corrosion.
Scrolls
 b - a scroll of butterflies
 e - a scroll of immolation
 f - 3 scrolls of identify
 g - 2 scrolls of fog
 m - a scroll of enchant armour {unknown}
 n - a scroll of revelation {unknown}
 o - a scroll of teleportation {unknown}


   Skills:
 - Level 5.0 Fighting
 + Level 6.5 Ranged Weapons
 - Level 2.4 Dodging
 - Level 1.3 Stealth


You had 4 spell levels left.
You didn't know any spells.
Your spell library contained the following spells:

 Spells                   Type           Power      Damage    Failure   Level
 Foxfire                  Conj/Fire      0%         2x1d4     47%         1
 Shock                    Conj/Air       0%         1d3       47%         1
 Sting                    Tmut/Pois      0%         1d3       47%         1
 Poisonous Vapours        Pois/Air       0%         N/A       63%         2
 Call Canine Familiar     Summ           0%         N/A       85%         3
 Inner Flame              Hex/Fire       0%         N/A       85%         3
 Portal Projectile        Hex/Tloc       0%         N/A       85%         3
 Swiftness                Air            0%         N/A       85%         3
 Airstrike                Air            0%         2d(0-16)  99%         4
 Leda's Liquefaction      Hex/Erth       0%         N/A       99%         4
 Olgreb's Toxic Radiance  Pois           0%         N/A       99%         4
 Yara's Violent Unravell  Hex/Tmut       0%         3d3       100%        5
 Plasma Beam              Fire/Air       0%         2x1d10    100%        6
 Starburst                Conj/Fire      0%         6d3       100%        6
 Enfeeble                 Hex            0%         N/A       100%        7


Dungeon Overview and Level Annotations

Branches:
Dungeon (3/15)

Altars:

Shops:
D:1 ?

Annotations:
D:3 Robin


Innate Abilities, Weirdness & Mutations

You are small and have problems with some larger weapons.
You are completely attuned to the shadows.


Message History

The arrow hits Robin but does no damage.
Robin is heavily wounded.
Robin closely misses you.
The goblin hits you but does no damage. x2
Unknown command.
You shoot an arrow. The arrow hits Robin!
Robin is almost dead.
Robin hits you with a +2 falchion of protection.
The goblin hits you with a +0 dagger. The goblin hits you with a +0 club.
Unknown command.
You shoot an arrow.
The arrow hits Robin but does no damage.
Robin is almost dead.
The goblin hits you with a +0 dagger.
* * * LOW HITPOINT WARNING * * *
The goblin barely misses you.
Unknown command.
You shoot an arrow. The arrow barely misses Robin.
The goblin hits you with a +0 dagger.
* * * LOW HITPOINT WARNING * * *
The goblin closely misses you. The goblin barely misses you.
Robin barely misses you. The goblin hits you with a +0 club.
* * * LOW HITPOINT WARNING * * *
Unknown command.
Unknown command.
You aren't carrying any potions.
Okay, then.
As you read the scroll labelled BEOFAMI BUUSE, it crumbles to dust.
You hear a loud clanging noise!
It was a scroll of noise.
The goblin hits you but does no damage. x2
Okay, then.
As you read the scroll labelled GYHIUS WUULO, it crumbles to dust.
You assume a fearsome visage.
Robin looks frightened!
The goblin looks frightened! x3; It was a scroll of fear.
The goblin gives up.
Unknown command.
Cornered, Robin turns to fight!
Robin roars a battlecry!
The goblin goes into a battle-frenzy!
Robin throws the goblin at you! The goblin hits you with a +0 dagger.
You die...

#..... #####..... .... ...
#...........g.). ..##
#.#.)........... .g.
..#)#>.........##.#........
..............)).)..(......
....#........)g#####.#....#.#
...##...(.......## #.#....#..
<..########.....@###.#.....##...
...########.##.รท..........#.##.
...##...###.....................#
...####...#..#..............##...
#### ###..#.###.......#.......##
##......##.....#.........
###.##.............##...


You could see Robin and a goblin (strong).

Vanquished Creatures
  An orc wizard (D:3)
  3 gnolls (D:3)
  3 adders
  2 worms (D:2)
  2 dart slugs (D:1)
  3 orcs (D:3)
  7 ball pythons
  4 bats
  5 endoplasms
  3 hobgoblins
  4 jackals (D:2)
  3 kobolds
  A quokka (D:1)
  A frilled lizard (D:1)
  10 goblins
  3 rats (D:1)
55 creatures vanquished.

Notes
Turn   | Place    | Note
-------+----------+-------------------------------------------
     0 | D:1      | Newt the Kobold Hunter began the quest for the Orb.
     0 | D:1      | Reached XP level 1. HP: 12/12 MP: 1/1
   291 | D:1      | Reached XP level 2. HP: 18/18 MP: 2/2
   673 | D:1      | Found Memotoy's Magic Scroll Shoppe.
   678 | D:1      | Bought a scroll of identify for 20 gold pieces
   678 | D:1      | Bought a scroll of identify for 20 gold pieces
   678 | D:1      | Bought a scroll of identify for 20 gold pieces
   760 | D:1      | Reached XP level 3. HP: 23/23 MP: 3/3
   908 | D:1      | Found a faded altar of an unknown god.
  1136 | D:2      | Identified a scroll of acquirement
  1137 | D:2      | Acquired the ring of Propriety {rCorr AC+4 Slay+2}
  1283 | D:2      | Reached XP level 4. HP: 30/30 MP: 4/4
  1658 | D:2      | You fall into a shaft and drop 1 floor!
  2093 | D:3      | Reached skill level 5 in Fighting
  2094 | D:3      | Reached XP level 5. HP: 31/35 MP: 5/5
  2210 | D:3      | Reached skill level 6 in Ranged Weapons
  2392 | D:3      | Noticed Robin
  2420 | D:3      | HP: 1/35 [goblin/+0 club[Robin] (5)]
  2425 | D:3      | Slain by a goblin

Illustrated notes

Levels and vault maps discovered:
D:1:      tarquinn_simple_flora_water_b, layout_basic,
          dreamdust_ecumenical_altar_angels_and_demons, serial_shops, shop,
          minmay_pentomino_z2
D:2:      layout_basic
D:3:      layout_rooms, mainiacjoe_overflow_two_lobes,
          mainiacjoe_overflow_surrounded_room, serial_shops, shop,
          kennysheep_generic_room_6, uniq_robin

Skill      XL: |  1  2  3  4  5 |
---------------+----------------+-----
Fighting       | 3 4 5 |  5.0
Ranged Weapons | 6 |  6.5
Dodging        | |  2.4
Stealth        | |  1.3

Action                     |  1- 3 |  4- 6 || total
---------------------------+-------+-------++-------
   Fire: Shortbow          |    60 |   101 ||   161
    Use: Scroll            |     4 |     2 ||     6
 Armour: Leather armour    |     4 |    36 ||    40
  Dodge: Dodged            |    10 |    84 ||    94

Table legend: (Time is in decaauts)
 A = Elapsed time spent in this place.
 B = Non-inter-level travel time spent in this place.
 C = Inter-level travel time spent in this place.
 D = Time resting spent in this place.
 E = Time spent auto-exploring this place.
 F = Levels seen in this place.
 G = Mean time per level.
                   A        B        C        D        E       F      G
               +--------+--------+--------+--------+--------+-----+--------+
         Total |   2454 |   2322 |    132 |    121 |   1891 |   3 |  818.0 |
       Dungeon |   2454 |   2322 |    132 |    121 |   1891 |   3 |  818.0 |
               +--------+--------+--------+--------+--------+-----+--------+

Top non-repeatable levels by time:
     D:1: 1142 daAuts
     D:2: 908 daAuts
     D:3: 403 daAuts
